 Dungeon Crawl Stone Soup version 0.29-a0-206-g4a66f2e2b5 (webtiles) character file.

Game seed: 17961543693889504077

2184 esteth the Archer (level 9, -11/48 HPs)
             Began as a Tengu Hunter on Feb 23, 2022.
             Killed from afar by an electric eel (13 damage)
             ... with a bolt of electricity
             ... on level 7 of the Dungeon.
             The game lasted 00:13:21 (7242 turns).

esteth the Archer (Tengu Hunter)                    Turns: 7242, Time: 00:13:21

Health: -11/48     AC:  3    Str: 18    XL:     9   Next: 33%
Magic:  10/10      EV: 16    Int: 16    God:
Gold:   326        SH:  0    Dex: 15    Spells: 1/8 levels left

rFire   . . .      SeeInvis .   a - +1 shortbow (vorpal)
rCold   . . .      Faith    .   (shield currently unavailable)
rNeg    . . .      Spirit   .   b - +0 leather armour
rPois   .          Reflect  .   (helmet restricted)
rElec   .          Harm     .   (no cloak)
rCorr   .          Rampage  .   (no gloves)
Will    .....                   (boots unavailable)
Stlth   +.........              (no amulet)
HPRegen 0.16/turn               S - +6 ring of strength
MPRegen 0.12/turn               Z - ring of wizardry

@: flying quickly and evasively, quick
A: beak, talons 3, nimble flight
a: no special abilities


You were on level 7 of the Dungeon.
You visited 1 branch of the dungeon, and saw 7 of its levels.

You collected 326 gold pieces.


Innate Abilities, Weirdness & Mutations

You have a beak for a mouth.
You have claws for feet.
Your magical nature lets you fly swiftly and evasively.


   Skills:
 - Level 2.0 Fighting
 + Level 13.2 Bows
 - Level 4.4 Dodging
 - Level 1.0 Stealth


You had one spell level left.
You knew the following spells:

 Your Spells              Type           Power      Damage    Failure   Level
o - Ozocubu's Refrigerat  Ice            0%         4d5       100%        7

Your spell library contained the following spells:

 Spells                   Type           Power      Damage    Failure   Level
 Sting                    Tmut/Pois      0%         1d3       12%         1
 Poisonous Vapours        Pois/Air       0%         N/A       17%         2
 Gell's Gravitas          Tloc           0%         N/A       32%         3
 Ozocubu's Armour         Ice            0%         N/A       32%         3
 Teleport Other           Tloc           0%         N/A       32%         3
 Olgreb's Toxic Radiance  Pois           0%         N/A       71%         4
 Dispersal                Tloc           0%         N/A       100%        6

Inventory:

Hand Weapons
 a - a +1 vorpal shortbow (weapon)
 N - a +0 shortbow of freezing
   (You took it off a centaur on level 6 of the Dungeon)
Missiles
 f - 172 stones
 l - 16 poisoned darts
Armour
 b - a +0 leather armour (worn)
 h - a +0 cloak
   (You found it on level 1 of the Dungeon)
 k - a +0 leather armour
   (You found it on level 2 of the Dungeon)
 m - a +0 leather armour
   (You found it on level 1 of the Dungeon)
 n - a +0 robe
   (You found it on level 1 of the Dungeon)
 o - a +0 leather armour
   (You found it on level 1 of the Dungeon)
 q - a +0 leather armour
   (You found it on level 2 of the Dungeon)
 t - a +0 leather armour
   (You found it on level 2 of the Dungeon)
 u - a +0 animal skin
   (You took it off Robin on level 3 of the Dungeon)
 x - a +0 chain mail
   (You took it off an orc on level 3 of the Dungeon)
 y - a +0 robe
   (You took it off a goblin on level 3 of the Dungeon)
 B - a +0 ring mail
   (You found it on level 4 of the Dungeon)
 D - a +0 robe
   (You found it on level 4 of the Dungeon)
 F - a +0 robe
   (You took it off an orc wizard on level 6 of the Dungeon)
 G - a +0 robe
   (You took it off an orc wizard on level 6 of the Dungeon)
 H - a +0 chain mail
   (You found it on level 6 of the Dungeon)
 J - a +0 ring mail
   (You took it off Edmund on level 6 of the Dungeon)
 M - a +0 chain mail
   (You found it on level 6 of the Dungeon)
 O - a +0 chain mail
   (You found it on level 7 of the Dungeon)
 P - a scarf of shadows
   (You found it on level 7 of the Dungeon)
 Q - a +0 robe
   (You found it on level 7 of the Dungeon)
Jewellery
 s - the ring of Kyl Yn Icigh {rPois rC- rCorr AC+4 Int+3}
   (You found it on level 6 of the Dungeon)

   [ring of protection]

   AC:        It affects your AC (+4).
   Int:       It affects your intelligence (+3).
   rC:        It makes you vulnerable to cold.
   rPois:     It protects you from poison.
   rCorr:     It protects you from acid and corrosion.
 z - a ring of wizardry
   (You found it on level 7 of the Dungeon)
 L - a ring of flight
   (You found it on level 1 of the Dungeon)
 S - a +6 ring of strength (left hand)
   (You found it on level 2 of the Dungeon)
 Z - a ring of wizardry (right hand)
   (You found it on level 1 of the Dungeon)
Wands
 E - a wand of iceblast (21)
   (You found it on level 5 of the Dungeon)
Scrolls
 d - 4 scrolls of silence {!r}
 i - 2 scrolls of fog
 j - a scroll of magic mapping {!r}
 w - a scroll of vulnerability {!r!r}
Potions
 c - a potion of berserk rage {unknown}
 e - 2 potions of brilliance {unknown}
 g - a potion of haste {@q3}
 p - 2 potions of mutation {unknown}
 r - a potion of lignification {unknown}
 A - 2 potions of flight {unknown}
 I - a potion of resistance {unknown}
 R - a potion of ambrosia {unknown}

Dungeon Overview and Level Annotations

Branches:
Dungeon (7/15)
 Temple: D:4-7

Altars:

Annotations:
D:5 Sigmund

####.......#
#.......###############
###+##................#
#..#..#############.#
###.#..#####.# #.#
##≈#....##....# #.# #
##≈≈♣#...##.##.##### #.#
#P♣P≈≈≈♣...##.##.....# #.#
♣≈≈≈≈≈≈♣#@##.##.....# #.#
♣P≈≈P≈≈♣#.##.##.....# #.#
♣≈≈P≈≈≈≈..##.##.....###.#
≈≈P≈≈≈≈≈♣..##.##.....'...#
≈≈≈≈≈≈≈≈♣..##.###....#####
≈≈≈≈≈≈≈♣...##.# ######
...$.......##.#
≈≈SP≈≈SS...##.#
≈P≈≈≈≈≈♣.#>##.#


You could see an electric eel.


Message History

😨 HP[-2]
You take 2 damage, and now have 21/48 hp.
Okay, then.
It was a potion of haste.
You feel yourself speed up.
You feel sick.
A killer bee comes into view.
The killer bee barely misses you. x2 😨 HP[-2]
You take 2 damage, and now have 19/48 hp.
You feel sick. 😨 HP[-1]
You take 1 damage, and now have 18/48 hp.
You feel sick. The killer bee stings you.
* * * LOW HITPOINT WARNING * * *
You are more poisoned.
The killer bee poisons you! 😨 HP[-2]
You take 2 damage, and now have 16/48 hp.
You feel sick. 😨 HP[-1]
You take 1 damage, and now have 15/48 hp.
You feel sick. 😨 HP[-2]
You take 2 damage, and now have 13/48 hp.
You feel sick. 😱 HP[-1]
You take 1 damage, and now have 12/48 hp.
You feel sick. The killer bee closely misses you.
You feel sick. 😱 HP[-1]
You take 1 damage, and now have 11/48 hp.
You feel sick. 😱 HP[-1]
You take 1 damage, and now have 10/48 hp.
As you read the scroll of teleportation {@r4}, it crumbles to dust.
You feel strangely unstable. The killer bee completely misses you.
You feel sick. 😱 HP[-1]
You take 1 damage, and now have 9/48 hp.
The killer bee closely misses you.
You feel sick. The killer bee stings you.
* * * LOW HITPOINT WARNING * * *
😱 HP[-5]
You take 5 damage, and now have 4/48 hp.
You feel sick. 😱 HP[-1]
You take 1 damage, and now have 3/48 hp.
Your surroundings suddenly seem different.
You start resting.
You feel sick.
You are no longer poisoned.
Your extra speed is starting to run out.
You feel yourself slow down. 😎 HP[+45]
Your hp is fully restored (48).
You shoot an arrow. The arrow hits the electric eel.
You shoot an arrow. The arrow hits the electric eel!
Your line of fire to the electric eel is blocked by a plant.
Continue anyway? [Y]es or [N]o only, please.
Your line of fire to the electric eel is blocked by a plant.
Continue anyway?
Okay, then.
The electric eel shoots out a bolt of lightning at you!
The bolt of electricity hits the plant!
The plant begins to die.
The bolt of electricity hits you. 😕 HP[-5]
You take 5 damage, and now have 43/48 hp.
Your line of fire to the electric eel is blocked by a plant.
Continue anyway? [Y]es or [N]o only, please.
Your line of fire to the electric eel is blocked by a plant.
Continue anyway?
Okay, then.
An electric eel comes into view.
The electric eel shoots out a bolt of lightning at you!
The bolt of electricity hits you!
The electric eel shoots out a bolt of lightning at you!
The bolt of electricity misses you. 😮 HP[-10]
You take 10 damage, and now have 33/48 hp.
MASSIVE DAMAGE!! (PAUSE)
Found a stone staircase leading down.
The electric eel shoots out a bolt of lightning at you!
The bolt of electricity hits the plant!
The plant begins to die.
The bolt of electricity hits you!
* * * LOW HITPOINT WARNING * * *
The electric eel shoots out a bolt of lightning at you!
The bolt of electricity hits the plant!
The bolt of electricity hits you!
* * * LOW HITPOINT WARNING * * *
😱 HP[-22]
You take 22 damage, and now have 11/48 hp.
MASSIVE DAMAGE!! (PAUSE)
You start resting.
An electric eel is nearby! 😱 HP[+1]
The electric eel shoots out a bolt of lightning at you!
The bolt of electricity hits you!
* * * LOW HITPOINT WARNING * * *
😱 HP[-10]
You take 10 damage, and now have 2/48 hp.
MASSIVE DAMAGE!! (PAUSE)
The electric eel shoots out a bolt of lightning at you!
The bolt of electricity hits you!
You die...

Skill      XL: |  1  2  3  4  5  6  7  8  9 |
---------------+----------------------------+-----
Dodging        | 3 4 |  4.4
Bows           | 5 6 8 10 12 13 | 13.2
Fighting       | |  2.0
Stealth        | |  1.0

Action                   |  1- 3 |  4- 6 |  7- 9 || total
-------------------------+-------+-------+-------++-------
 Fire: Shortbow          |    72 |   196 |   211 ||   479
  Use: Potion            |     2 |       |     2 ||     4
       Scroll            |     1 |     6 |     6 ||    13
Armor: Leather armour    |    14 |    13 |    20 ||    47
Dodge: Dodged            |    17 |    64 |    74 ||   155

Levels and vault maps discovered:
D:1:      doesnt_arrival_eight_statues, layout_basic,
          hellmonk_ecumenical_altar_lost_god, dk_noncrumbling_3
D:2:      layout_loops_ring
D:3:      layout_loops_ring, uniq_robin
D:4:      layout_basic
D:5:      layout_cave_pods, minmay_temple_entry_waves, uniq_sigmund
D:6:      layout_basic, uniq_edmund
D:7:      layout_basic, serial_bayou_lagoon_b

Notes
Turn   | Place    | Note
-------+----------+-------------------------------------------
     0 | D:1      | esteth the Tengu Hunter began the quest for the Orb.
     0 | D:1      | Reached XP level 1. HP: 12/12 MP: 2/2
     0 | D:1      | magus.rc [v1.11.3]
   202 | D:1      | Found a faded altar of an unknown god.
   211 | D:1      | Reached XP level 2. HP: 17/17 MP: 3/3
   221 | D:1      | You add the spells Ozocubu's Armour and Ozocubu's
                  | Refrigeration to your library.
   807 | D:2      | Reached skill level 3 in Dodging
   807 | D:2      | Reached XP level 3. HP: 20/21 MP: 4/4
   864 | D:2      | Reached skill level 5 in Bows
   893 | D:2      | HP: 5/21 [adder (2)]
   893 | D:2      | HP: 1/21 [adder (4)]
  1023 | D:2      | You add the spells Gell's Gravitas, Teleport Other and
                  | Dispersal to your library.
  1350 | D:2      | Reached XP level 4. HP: 26/26 MP: 5/5
  1806 | D:3      | Reached skill level 4 in Dodging
  2034 | D:3      | Gained mutation: Your magical nature lets you fly swiftly
                  | and evasively. [Tengu growth]
  2034 | D:3      | Reached XP level 5. HP: 30/30 MP: 6/6
  2050 | D:3      | Noticed Robin
  2064 | D:3      | Killed Robin
  2333 | D:3      | Reached skill level 6 in Bows
  3279 | D:4      | Reached XP level 6. HP: 25/35 MP: 7/7
  3521 | D:4      | Reached skill level 7 in Bows
  3927 | D:5      | Entered Level 5 of the Dungeon
  4151 | D:5      | Reached skill level 8 in Bows
  4151 | D:5      | Reached XP level 7. HP: 40/40 MP: 8/8
  4264 | D:5      | Noticed a yak
  4503 | D:5      | Reached skill level 9 in Bows
  4511 | D:5      | Noticed Sigmund
  4524 | D:5      | Noticed a yak
  4524 | D:5      | Noticed a yak
  4524 | D:5      | Noticed a yak
  4524 | D:5      | Noticed a yak
  4761 | D:6      | Reached skill level 10 in Bows
  4761 | D:6      | Reached XP level 8. HP: 36/44 MP: 9/9
  4928 | D:6      | Noticed Edmund
  4944 | D:6      | Identified the ring of Kyl Yn Icigh {rPois rC- rCorr AC+4
                  | Int+3}
  5116 | D:6      | Killed Edmund
  5229 | D:6      | Reached skill level 11 in Bows
  6243 | D:7      | Reached skill level 12 in Bows
  6261 | D:7      | Reached XP level 9. HP: 48/48 MP: 10/10
  6270 | D:7      | Noticed a hornet
  6277 | D:7      | Killed a hornet
  6378 | D:7      | You add the spells Sting, Poisonous Vapours and Olgreb's
                  | Toxic Radiance to your library.
  6522 | D:7      | Reached skill level 13 in Bows
  6731 | D:7      | Learned a level 7 spell: Ozocubu's Refrigeration
  6831 | D:7      | HP: 12/48 [ice beast (12)]
  6917 | D:7      | HP: 12/48 [poisoned by a killer bee]
  6923 | D:7      | HP: 9/48 [poisoned by a killer bee]
  6925 | D:7      | HP: 4/48 [killer bee (4)]
  7234 | D:7      | HP: 11/48 [electric eel/bolt of electricity (13)]
  7241 | D:7      | HP: 2/48 [electric eel/bolt of electricity (10)]
  7242 | D:7      | Killed from afar by an electric eel

Vanquished Creatures
  A hornet (D:7)
  Edmund (D:6)
  2 ice beasts (D:7)
  3 black bears
  A necrophage (D:5)
  An ogre (D:6)
  2 sky beasts
  A centaur (D:6)
  A phantom (D:6)
  2 bullfrogs
  A scorpion (D:5)
  A wyvern zombie (D:7)
  A wyvern skeleton (D:6)
  A centaur zombie (D:7)
  A bullfrog skeleton (D:5)
  3 hounds
  4 jellies
  An iguana (D:4)
  2 orc wizards (D:6)
  A howler monkey zombie (D:5)
  Robin (D:3)
  7 gnolls
  11 adders
  A shadow imp (D:4)
  An adder skeleton (D:2)
  A worm (D:2)
  2 dart slugs
  8 orcs
  2 endoplasms
  A giant cockroach (D:3)
  11 goblins
  7 hobgoblins
  3 jackals (D:2)
  9 kobolds
  A quokka (D:2)
  3 ball pythons
  5 bats
  3 frilled lizards (D:2)
  6 rats
114 creatures vanquished.

Vanquished Creatures (others)
  16 plants (D:7)
16 creatures vanquished.

Grand Total: 130 creatures vanquished

Table legend:
 A = Non-vault XP
 B = Vault XP
 C = Vault XP percentage of total XP
 D = Non-vault monster count
 E = Vault monster count
 F = Vault count percentage of total count
                 A         B        C        D         E       F
            +---------+---------+-------+---------+---------+-------
      Total |    2935 |     186 |   6.0 |     105 |       9 |   7.9
            +---------+---------+-------+---------+---------+-------
        D:1 |      18 |       0 |   0.0 |      11 |       0 |   0.0
        D:2 |      85 |       0 |   0.0 |      19 |       0 |   0.0
        D:3 |     154 |      29 |  15.8 |      23 |       8 |  25.8
        D:4 |     226 |       0 |   0.0 |      20 |       0 |   0.0
        D:5 |     438 |       0 |   0.0 |       6 |       0 |   0.0
        D:6 |    1019 |     157 |  13.4 |      18 |       1 |   5.3
        D:7 |     995 |       0 |   0.0 |       8 |       0 |   0.0
            +---------+---------+-------+---------+---------+-------

Illustrated notes

Table legend:
 A = Kills in this place as a percentage of kills in entire the game.
 B = Kills by you in this place as a percentage of kills by you in the entire game.
 C = Kills by friends in this place as a percentage of kills by friends in the entire game.
 D = Other kills in this place as a percentage of other kills in the entire game.
 E = Experience gained in this place as a percentage of experience gained in the entire game.
 F = Experience gained in this place divided by the number of levels of this place that you have seen.
                   A       B       C       D       E      F
               +-------+-------+-------+-------+-------+----------------------
         Total | 100.0 | 100.0 |   N/A |   N/A | 100.0 | 445.9
       Dungeon | 100.0 | 100.0 |   N/A |   N/A | 100.0 | 445.9
               +-------+-------+-------+-------+-------+----------------------

Table legend: (Time is in decaauts)
 A = Elapsed time spent in this place.
 B = Non-inter-level travel time spent in this place.
 C = Inter-level travel time spent in this place.
 D = Time resting spent in this place.
 E = Time spent auto-exploring this place.
 F = Levels seen in this place.
 G = Mean time per level.
                   A        B        C        D        E       F      G
               +--------+--------+--------+--------+--------+-----+--------+
         Total |   7021 |   6817 |    204 |    909 |   4607 |   7 | 1003.0 |
       Dungeon |   7021 |   6817 |    204 |    909 |   4607 |   7 | 1003.0 |
               +--------+--------+--------+--------+--------+-----+--------+

Top non-repeatable levels by time:
     D:6: 1549 daAuts
     D:3: 1330 daAuts
     D:7: 1005 daAuts
     D:2: 985 daAuts
     D:4: 872 daAuts
     D:1: 686 daAuts
     D:5: 589 daAuts
